Cogmind - Beta 12 X1 @@@ ROGUE MODE // 2022.07.10 @ 11:00:22 Player: Cyurio Result: Destroyed by Y-45 Defender with Heavy Assault Rifle Performance ------------- Evolutions (2) 1000 Regions Visited (9) 1800 Robots Destroyed (86) 430 Value Destroyed (2428) 2428 Prototype IDs (25) 500 Alien Tech Used (0) 0 Bonus (1555) 1555 TOTAL SCORE: 7713 Bonus ------- High Alert Combat Kills 55 Entered Garrisons 200 Used RIF Installer 1000 Aligned with FarCom 300 Cogmind --------- Core Integrity 0/550 Matter 300/300 Energy 37/100 System Corruption 0% Temperature Cool (9) Movement Core (50) Location -8/Materials Parts ------- > --- POWER (1) -------- (None) > --- PROPULSION (3) --- (None) > --- UTILITY (3) ------ (None) > --- WEAPON (4) ------- (None) > --- INVENTORY (5) ---- Flying Fortress v7 Light Armor Plating Peak State ------------ > --- POWER ------------ Improved Ion Engine > --- PROPULSION ------- Improved Treads Improved Treads Armored Treads > --- UTILITY ---------- Huge Storage Unit Hardened Medium Armor Plating Shield Generator > --- WEAPON ----------- Light Assault Rifle Light Assault Rifle Heavy Assault Rifle Heavy Assault Rifle > --- INVENTORY -------- Light Nuclear Core Improved Treads Improved Treads Wheel Flying Fortress v7 High-capacity Storage Unit Trap Scanner Improved Sensor Array Improved Terrain Scanner Terrain Scan Processor Melee Analysis Suite Transmission Jammer Light Armor Plating Hardened Medium Armor Plating High-powered Tractor Beam Light Assault Rifle Improved Light Cannon Rocket Launcher Axe [Rating: 28] Favorites ----------- Power Improved Ion Engine Engine Improved Ion Engine Propulsion Compact Wheel Treads Armored Treads Leg Aluminum Leg Wheel Compact Wheel Utility Hardened Medium Armor Plating Device Shield Generator Storage High-capacity Storage Unit Processor Targeting Computer Protection Hardened Medium Armor Plating Weapon Heavy Assault Rifle Energy Gun Small Laser Ballistic Gun Heavy Assault Rifle Launcher Grenade Launcher Slashing Weapon Axe Build | -11 -10 -10 -9 -9 -9 -8 -8 -8 -8 ------- Run | Scr Mat Min Mat Min Exi Min Mat Gar Mat Slots Evolved 4 | . . . 2 . . . 2 . . Power . | . . . . . . . . . . Propulsion 1 | . . . . . . . 1 . . Utility 1 | . . . . . . . 1 . . Weapon 2 | . . . 2 . . . . . . Parts Attached 58 | . 8 2 24 4 1 2 2 14 1 Power 4 | . . 1 2 1 . . . . . Engine 4 | . . 1 2 1 . . . . . Core . | . . . . . . . . . . Reactor . | . . . . . . . . . . Propulsion 16 | . 2 . 6 1 . . 1 5 1 Treads 6 | . . . 2 . . . . 3 1 Leg . | . . . . . . . . . . Wheel 10 | . 2 . 4 1 . . 1 2 . Hover . | . . . . . . . . . . Flight . | . . . . . . . . . . Utility 12 | . 3 1 3 . 1 1 1 2 . Device 2 | . . . . . . . 1 1 . Storage 2 | . 1 . . . 1 . . . . Processor 2 | . 2 . . . . . . . . Hackware . | . . . . . . . . . . Protection 6 | . . 1 3 . . 1 . 1 . Artifact . | . . . . . . . . . . Weapon 26 | . 3 . 13 2 . 1 . 7 . Energy Gun . | . . . . . . . . . . Energy Cannon . | . . . . . . . . . . Ballistic Gun 22 | . 2 . 12 1 . 1 . 6 . Ballistic Cannon . | . . . . . . . . . . Launcher 3 | . 1 . 1 1 . . . . . Special Weapon . | . . . . . . . . . . Impact Weapon . | . . . . . . . . . . Slashing Weapon 1 | . . . . . . . . 1 . Piercing Weapon . | . . . . . . . . . . Special Melee Weapon . | . . . . . . . . . . Unidentified Prototypes 1 | . . . 1 . . . . . . Parts Lost 28 | . 1 2 5 1 . 1 . 7 11 Power 3 | . . 1 1 . . . . . 1 Propulsion 9 | . . . 2 1 . . . 2 4 Utility 8 | . 1 1 1 . . 1 . 2 2 Weapon 8 | . . . 1 . . . . 3 4 Highest Loss Streak 11 | . 1 2 2 1 . 1 . 3 11 To Critical Strikes . | . . . . . . . . . . Average Slot Usage (%) 98 | . 100 97 97 99 100 99 100 95 96 Engine 10 | . 14 11 10 11 11 11 9 9 8 Treads 4 | . . . 3 . . . . 9 17 Leg 1 | . 19 . . . . . . . . Wheel 17 | . 9 28 18 21 22 22 27 17 8 Device 2 | . . . . . . . 9 8 8 Storage 10 | . 14 14 11 11 11 11 9 9 8 Processor 1 | . 14 . . . . . . . . Protection 9 | . . 13 10 11 11 11 9 9 8 Ballistic Gun 38 | . 27 28 42 43 44 43 36 31 34 Naked Turns 6 | . . . . . . . . . 6 Heaviest Build 107 | 13 50 49 67 67 107 107 103 107 105 Greatest Support 43 | 20 26 26 43 32 26 26 36 36 23 Greatest Overweight (x) 10 | . 1 1 3 4 4 4 2 10 10 Average Overweight (x) 2 | . . 1 1 2 2 3 2 4 8 Largest Inventory Capacity 25 | . 20 20 20 20 25 25 25 25 25 Average Capacity 20 | . 11 20 20 20 22 25 25 25 24 Most Carried 24 | . 10 10 20 20 24 24 24 24 24 Average Carried 18 | . 8 9 17 19 22 23 23 23 23 Final Capacity 25 | 8 20 20 20 20 25 25 25 25 5 Final Carried 24 | 6 10 9 20 20 24 24 24 23 5 Class Distribution -------------------- 39% | Tank 29% | Scavenger-Tank 14% | Mutant 12% | Skirmisher Dominant Class ---------------- Mutant | -10/Materials Mutant | -10/Mines Tank | -9/Materials Tank | -9/Mines Tank | -9/Exiles Skirmisher | -8/Mines Skirmisher | -8/Materials Scavenger-Tank | -8/Garrison Scavenger-Tank | -8/Materials Resources | -11 -10 -10 -9 -9 -9 -8 -8 -8 -8 ----------- Run | Scr Mat Min Mat Min Exi Min Mat Gar Mat Matter Collected 2290 | 175 177 54 979 295 . 107 . 463 40 Remotely . | . . . . . . . . . . Salvage Created 3297 | . 183 88 1790 334 . 152 . 596 154 Parts 190 | . 10 2 106 17 . 8 . 40 7 Haulers Intercepted 5 | . 1 . 4 . . . . . . Recyclers Shooed 1 | . . . 1 . . . . . . Parts Field Recycled . | . . . . . . . . . . Retrieved Matter . | . . . . . . . . . . Parts Self-Destructed . | . . . . . . . . . . Prevented . | . . . . . . . . . . Kills | -11 -10 -10 -9 -9 -9 -8 -8 -8 -8 ------- Run | Scr Mat Min Mat Min Exi Min Mat Gar Mat Combat Hostiles Destroyed 75 | . 4 2 36 8 . 5 . 17 3 Guns 75 | . 4 2 36 8 . 5 . 17 3 Classes Destroyed 12 | . 4 . 6 1 . . . 1 . Worker 2 | . 1 . 1 . . . . . . Tunneler 3 | . . . 2 1 . . . . . Hauler 5 | . 1 . 4 . . . . . . Recycler 1 | . . . 1 . . . . . . Watcher 1 | . . . 1 . . . . . . Swarmer 20 | . 2 . 8 . . 3 . 7 . Grunt 39 | . 2 2 18 7 . 2 . 6 2 Brawler 1 | . . . 1 . . . . . . Duelist 1 | . . . 1 . . . . . . Sentry 12 | . . . 8 . . . . 3 1 Hunter 1 | . . . . . . . . 1 . Assembled 1 | . . . . 1 . . . . . Best Kill Streak 6 | . 2 2 4 5 . 3 . 6 3 Combat Bots Only 6 | . 2 2 4 4 . 3 . 6 3 Max Kills in Single Turn 2 | . 1 1 1 1 . 2 . 2 1 Gunslinging 1 | . . . . . . 1 . 1 . Exploded . | . . . . . . . . . . Melee . | . . . . . . . . . . Uniques/NPCs Destroyed . | . . . . . . . . . . Combat | -11 -10 -10 -9 -9 -9 -8 -8 -8 -8 -------- Run | Scr Mat Min Mat Min Exi Min Mat Gar Mat Damage Taken 3589 | . 121 249 876 127 . 248 . 547 1421 Core 744 | . 10 89 74 . . 16 . 59 496 Absorbed by Shields 276 | . . . . . . . . 103 173 Core Remaining (%) 79 | 100 . 60 . . . 77 . . . Volleys Fired 197 | . 19 11 91 16 . 10 . 36 14 Largest 4 | . 2 2 4 4 . 4 . 4 4 Hottest 92 | . 40 40 92 92 . 92 . 92 86 Shots Fired 653 | . 37 22 347 55 . 39 . 111 42 Gun 649 | . 36 22 347 52 . 39 . 111 42 Cannon . | . . . . . . . . . . Launcher 4 | . 1 . . 3 . . . . . Special . | . . . . . . . . . . Kinetic 649 | . 36 22 347 52 . 39 . 111 42 Thermal . | . . . . . . . . . . Explosive 4 | . 1 . . 3 . . . . . Electromagnetic . | . . . . . . . . . . Robot Hit Streak 14 | . 9 10 13 5 . 9 . 14 9 Robot Miss Streak 8 | . 2 2 5 8 . 4 . 2 2 Penetration Max . | . . . . . . . . . . Secondary Targets 16 | . . 1 3 1 . 3 . 6 2 Max Gunslinging Chain 2 | . . 1 1 1 . 1 . 2 1 Shots Hit Robots 389 | . 26 16 193 18 . 24 . 79 33 Core Hits 173 | . 9 7 83 12 . 10 . 41 11 Critical Kills 1 | . . . . . . . . . 1 Critical Parts Destroyed . | . . . . . . . . . . Critical Strikes 1 | . . . . . . . . . 1 Destroy 1 | . . . . . . . . . 1 Melee Attacks 5 | . . . . . . . . 5 . Impact . | . . . . . . . . . . Slashing 5 | . . . . . . . . 5 . Piercing . | . . . . . . . . . . Sneak Attacks . | . . . . . . . . . . Combat Hostiles . | . . . . . . . . . . Follow-up Attacks . | . . . . . . . . . . Damage Inflicted 4953 | . 270 181 2412 281 . 375 . 1024 410 Guns 4920 | . 263 168 2399 281 . 375 . 1024 410 Cannons . | . . . . . . . . . . Explosions . | . . . . . . . . . . Melee . | . . . . . . . . . . Ramming 33 | . 7 13 13 . . . . . . Kinetic 4920 | . 263 168 2399 281 . 375 . 1024 410 Thermal . | . . . . . . . . . . Explosive . | . . . . . . . . . . Electromagnetic . | . . . . . . . . . . Impact . | . . . . . . . . . . Slashing . | . . . . . . . . . . Piercing . | . . . . . . . . . . Highest Corruption 1 | . . . 1 1 1 1 . . . Average Corruption 1 | . . . 1 1 1 1 . . . Corruption Purged . | . . . . . . . . . . Corruption Blocked . | . . . . . . . . . . Effects 15 | . . . 8 5 1 1 . . . Message Errors 2 | . . . . 2 . . . . . Matter Fused 6 | . . . 3 2 . 1 . . . Heat Flow Errors 3 | . . . 1 1 1 . . . . Energy Discharges 3 | . . . 3 . . . . . . Data Loss (major) 1 | . . . 1 . . . . . . Overload Shots . | . . . . . . . . . . Overflow Damage . | . . . . . . . . . . Projectiles . | . . . . . . . . . . Explosions . | . . . . . . . . . . Melee . | . . . . . . . . . . Knockbacks . | . . . . . . . . . . Impact . | . . . . . . . . . . Kinetic . | . . . . . . . . . . Secondary . | . . . . . . . . . . Self-Inflicted Damage 12 | . . 6 6 . . . . . . Shots . | . . . . . . . . . . Rammed 4 | . . 1 3 . . . . . . Targets Rammed 6 | . 2 1 3 . . . . . . Kicked 2 | . 2 . . . . . . . . Crushed . | . . . . . . . . . . Highest Temperature 311 | . 12 21 261 133 164 311 . 191 232 Average Temperature 66 | . 7 8 55 56 87 150 . 48 137 Received Heat Transfer 1262 | . 48 159 264 48 . 135 . 171 437 Effects 2 | . . . . . . 2 . . . Shutdowns 1 | . . . . . . 1 . . . Short Circuit 1 | . . . . . . 1 . . . Siege Activations . | . . . . . . . . . . Robots Corrupted . | . . . . . . . . . . Combat Hostiles . | . . . . . . . . . . Parts Fried . | . . . . . . . . . . Impact Corruptions . | . . . . . . . . . . Robots Melted . | . . . . . . . . . . Combat Hostiles . | . . . . . . . . . . Parts Melted . | . . . . . . . . . . Heat Transferred . | . . . . . . . . . . Parts Sabotaged . | . . . . . . . . . . Parts Stolen . | . . . . . . . . . . Parts Stripped . | . . . . . . . . . . Power Chain Reactions . | . . . . . . . . . . Missiles Intercepted . | . . . . . . . . . . Alert | -11 -10 -10 -9 -9 -9 -8 -8 -8 -8 ------- Run | Scr Mat Min Mat Min Exi Min Mat Gar Mat Peak Influence 585 | . 142 50 585 396 . 110 42 327 171 Initial 228 | . . 20 19 228 . . 42 27 159 Average 197 | . 44 45 285 224 . 75 42 224 137 Maximum Alert Level 2 | . . . 2 1 . . . 1 . Low Security (%) 54 | . 100 100 26 44 . 100 100 32 100 Level 1 35 | . . . 46 55 . . . 67 . Level 2 9 | . . . 26 . . . . . . Level 3 . | . . . . . . . . . . Level 4 . | . . . . . . . . . . Level 5 . | . . . . . . . . . . High Security . | . . . . . . . . . . Max Security . | . . . . . . . . . . Squads Dispatched 11 | . 1 . 7 . . . . . 3 Investigation 5 | . . . 5 . . . . . . Extermination . | . . . . . . . . . . Reinforcement 6 | . 1 . 2 . . . . . 3 Assault . | . . . . . . . . . . Garrison . | . . . . . . . . . . Intercept . | . . . . . . . . . . Searches Triggered . | . . . . . . . . . . Construction Impeded . | . . . . . . . . . . Haulers Reinforced . | . . . . . . . . . . Active Scanning Responses . | . . . . . . . . . . Cargo Convoy Interrupts . | . . . . . . . . . . Stealth | -11 -10 -10 -9 -9 -9 -8 -8 -8 -8 --------- Run | Scr Mat Min Mat Min Exi Min Mat Gar Mat Distress Signals 7 | . 2 . 4 1 . . . . . Communications Jammed . | . . . . . . . . . . Distress Signals . | . . . . . . . . . . Times Spotted 105 | . 8 2 55 8 . 5 . 18 9 Peak Tracking Total 7 | . 4 2 6 2 . 3 . 6 7 Tactical Retreats 5 | . 1 . 1 . . . . 1 2 Traps | -11 -10 -10 -9 -9 -9 -8 -8 -8 -8 ------- Run | Scr Mat Min Mat Min Exi Min Mat Gar Mat Traps Triggered 8 | . . . 3 . . . . 5 . Indirectly . | . . . . . . . . . . Trap Hack Attempts . | . . . . . . . . . . Triggered . | . . . . . . . . . . Disarmed 3 | . . . 3 . . . . . . Reprogrammed . | . . . . . . . . . . Reused . | . . . . . . . . . . Traps Extracted . | . . . . . . . . . . Installed . | . . . . . . . . . . Triggered . | . . . . . . . . . . Machines | -11 -10 -10 -9 -9 -9 -8 -8 -8 -8 ---------- Run | Scr Mat Min Mat Min Exi Min Mat Gar Mat Machines Disabled 1 | . 1 . . . . . . . . Max in Single Turn 1 | . 1 . . . . . . . . Machines Sabotaged . | . . . . . . . . . . Garrisons Compromised . | . . . . . . . . . . Overloaded Fab Kills . | . . . . . . . . . . Hacking | -11 -10 -10 -9 -9 -9 -8 -8 -8 -8 --------- Run | Scr Mat Min Mat Min Exi Min Mat Gar Mat Machines Accessed 15 | . 2 . 9 . 2 . 1 1 . Terminals 12 | . 2 . 9 . . . . 1 . Fabricators . | . . . . . . . . . . Repair Stations . | . . . . . . . . . . Recycling Units . | . . . . . . . . . . Scanalyzers . | . . . . . . . . . . Garrison Access 1 | . . . . . . . 1 . . Total Hacks 34 | . 5 . 24 . 2 . 1 2 . Successful 15 | . 3 . 8 . 2 . 1 1 . Failed 19 | . 2 . 16 . . . . 1 . Catastrophic 5 | . . . 5 . . . . . . Database Lockouts . | . . . . . . . . . . Manual 26 | . 4 . 21 . 1 . . . . Terminals 31 | . 5 . 24 . . . . 2 . Fabricators . | . . . . . . . . . . Repair Stations . | . . . . . . . . . . Recycling Units . | . . . . . . . . . . Scanalyzers . | . . . . . . . . . . Garrison Access 1 | . . . . . . . 1 . . Terminal Hacks 9 | . 1 . 5 . 2 . . 1 . Record 2 | . . . 1 . 1 . . . . Robot Analysis 1 | . 1 . . . . . . . . Prototype ID Bank 1 | . . . 1 . . . . . . Emergency Access Points 1 | . . . . . . . . 1 . Alert Level 1 | . . . 1 . . . . . . Locate Traps 1 | . . . 1 . . . . . . Disarm Traps 1 | . . . 1 . . . . . . EX-Prototype ID Bank 1 | . . . . . 1 . . . . Fabricator Hacks . | . . . . . . . . . . Repair Station Hacks . | . . . . . . . . . . Recycling Unit Hacks . | . . . . . . . . . . Scanalyzer . | . . . . . . . . . . Garrison Access Hacks 1 | . . . . . . . 1 . . Unlock Access 1 | . . . . . . . 1 . . Unauthorized Hacks 5 | . 2 . 3 . . . . . . Terminals 5 | . 2 . 3 . . . . . . Botnet 5 | . 2 . 3 . . . . . . Fabricators . | . . . . . . . . . . Repair Stations . | . . . . . . . . . . Recycling Units . | . . . . . . . . . . Scanalyzers . | . . . . . . . . . . Garrison Access . | . . . . . . . . . . Data Cores Recovered . | . . . . . . . . . . Used . | . . . . . . . . . . Hacking Detections 11 | . 2 . 8 . . . . 1 . Full Trace Events 4 | . . . 4 . . . . . . Feedback Events 1 | . . . 1 . . . . . . Corruption 1 | . . . 1 . . . . . . Feedback Blocked . | . . . . . . . . . . Robot Schematics Acquired . | . . . . . . . . . . Robots Built . | . . . . . . . . . . Authchips . | . . . . . . . . . . Time . | . . . . . . . . . . Total Robot Build Rating . | . . . . . . . . . . Part Schematics Acquired . | . . . . . . . . . . Parts Built . | . . . . . . . . . . Authchips . | . . . . . . . . . . Time . | . . . . . . . . . . Total Part Build Rating . | . . . . . . . . . . Parts Repaired . | . . . . . . . . . . Time . | . . . . . . . . . . Parts Recycled . | . . . . . . . . . . Recycled Matter . | . . . . . . . . . . Retrieved Matter . | . . . . . . . . . . Retrieved Components . | . . . . . . . . . . Parts Scanalyzed . | . . . . . . . . . . Part Schematics Acquired . | . . . . . . . . . . Parts Damaged . | . . . . . . . . . . Bothacking | -11 -10 -10 -9 -9 -9 -8 -8 -8 -8 ------------ Run | Scr Mat Min Mat Min Exi Min Mat Gar Mat Used RIF Installer 2 | . . . . . . . . 2 . Threat Obfuscator 1 | . . . . . . . . 1 . Robots Hacked . | . . . . . . . . . . Non-combat . | . . . . . . . . . . Combat . | . . . . . . . . . . Robot Hacks Applied . | . . . . . . . . . . Relay Couplers Released . | . . . . . . . . . . Fabnet Peak Effective % . | . . . . . . . . . . Robots Rewired . | . . . . . . . . . . Allies Hacked . | . . . . . . . . . . Hacks Repelled . | . . . . . . . . . . Allies | -11 -10 -10 -9 -9 -9 -8 -8 -8 -8 -------- Run | Scr Mat Min Mat Min Exi Min Mat Gar Mat Total Allies . | . . . . . . . . . . Largest Group . | . . . . . . . . . . Highest-Rated Group . | . . . . . . . . . . Highest-Rated Ally . | . . . . . . . . . . Total Orders . | . . . . . . . . . . Ally Attacks . | . . . . . . . . . . Total Damage . | . . . . . . . . . . Kills . | . . . . . . . . . . Allies Corrupted . | . . . . . . . . . . Allies Melted . | . . . . . . . . . . Intel | -11 -10 -10 -9 -9 -9 -8 -8 -8 -8 ------- Run | Scr Mat Min Mat Min Exi Min Mat Gar Mat Robot Analysis Total 1 | . 1 . . . . . . . . Derelict Logs Recovered . | . . . . . . . . . . Drone Launches . | . . . . . . . . . . Drone Recoveries . | . . . . . . . . . . Exploration | -11 -10 -10 -9 -9 -9 -8 -8 -8 -8 ------------- Run | Scr Mat Min Mat Min Exi Min Mat Gar Mat Turns Passed 5376 | . 561 204 1851 727 297 381 54 793 508 Spaces Moved 2755 | 1 399 162 973 325 219 181 43 373 79 Core 11 | . . . . . . . . . 11 Treads 20 | . . . 18 . . . . 1 1 Legs 245 | 1 244 . . . . . . . . Wheels 2479 | . 155 162 955 325 219 181 43 372 67 Hover . | . . . . . . . . . . Flight . | . . . . . . . . . . Fastest Speed 50 | 120 90 105 105 120 120 135 116 116 50 Average Speed 131 | 120 113 105 127 121 134 147 116 155 204 Slowest Speed 490 | 120 120 105 240 160 150 150 116 490 230 Overloaded Moves . | . . . . . . . . . . Propulsion Burnouts . | . . . . . . . . . . Robots Hopped . | . . . . . . . . . . Cave-ins Triggered . | . . . . . . . . . . Exploration Rate (%) 39 | 2 49 39 91 65 61 36 9 38 6 Regions Visited 9 Branch Regions 4 Pre-discovered Areas 1 | . . . . . 1 . . . . Known Exits Taken 1 | . . . . . . . 1 . . Unknown Exits Taken 7 | 1 1 1 1 1 1 1 . . . Scrap Searched 3 | . . . . 2 . 1 . . . Spaces Dug 1 | . . . . . . . . 1 . Terrain Destroyed 21 | . 6 . . 14 . . . 1 . Melee 1 | . . . . . . . . 1 . Projectile . | . . . . . . . . . . AOE 20 | . 6 . . 14 . . . . . Terrain Rammed . | . . . . . . . . . . Walls Destroyed . | . . . . . . . . . . Machines Disabled . | . . . . . . . . . . Actions | -11 -10 -10 -9 -9 -9 -8 -8 -8 -8 --------- Run | Scr Mat Min Mat Min Exi Min Mat Gar Mat Total 4095 | . 471 176 1390 621 220 272 47 499 399 Wait 984 | . 28 . 264 274 . 76 . 39 303 Move 2747 | . 398 161 972 324 218 180 43 372 79 Hop . | . . . . . . . . . . Pick Up 41 | . 10 1 19 1 1 2 2 4 1 Fast Attach 13 | . 2 . 7 1 . . . 3 . Attach 19 | . 2 2 4 . . 2 2 6 1 Detach 3 | . . . . . . 1 . 2 . Swap 26 | . 4 . 13 3 1 . . 5 . Drop 28 | . 6 . 17 2 . 1 . 1 1 Fire 197 | . 19 11 91 16 . 10 . 36 14 Melee 5 | . . . . . . . . 5 . Ram 4 | . . 1 3 . . . . . . Kick 2 | . 2 . . . . . . . . Crush . | . . . . . . . . . . Escape Stasis 26 | . . . . . . . . 26 . Rewire . | . . . . . . . . . . Trap . | . . . . . . . . . . Miscellaneous . | . . . . . . . . . . Route ------- -11/Scrapyard -10/Materials (discovered 3 exits: *Mat / [*Min x2]) -10/Mines (discovered 2 exits: *Mat x2) -9/Materials (discovered 6 exits: *Mat x3 / [*Min] / [*Sto x2]) -9/Mines -9/Exiles (discovered 2 exits: [*Min x2]) -8/Mines -8/Materials -8/Garrison -8/Materials History --------- Turn | Location | Event 1 | -11/Scrapyard | Discovered new exit (range 0) 1 | -11/Scrapyard | Entered Materials 67 | -10/Materials | Discovered new exit (range 12) 149 | -10/Materials | Discovered new exit (range 15) 313 | -10/Materials | Build established: Mutant 407 | -10/Materials | Discovered new exit (range 9) 562 | -10/Materials | Entered Mines 598 | -10/Mines | Met a Derelict bent on vengeance 717 | -10/Mines | Discovered new exit (range 13) 749 | -10/Mines | Discovered new exit (range 16) 766 | -10/Mines | Entered Materials 766 | -9/Materials | Evolved 2 slots: Weapon x2 1073 | -9/Materials | Build established: Tank 1168 | -9/Materials | Discovered new exit (range 8) 1451 | -9/Materials | Discovered new exit (range 12) 1502 | -9/Materials | Build established: Scavenger-Tank 1922 | -9/Materials | Discovered new exit (range 15) 2209 | -9/Materials | Build established: Tank 2395 | -9/Materials | Discovered new exit (range 9) 2416 | -9/Materials | Discovered new exit (range 15) 2594 | -9/Materials | Discovered new exit (range 16) 2617 | -9/Materials | Entered Mines 2646 | -9/Mines | Excavation squad dispatched 2646 | -9/Mines | A large section of the Mines collapsed 2896 | -9/Mines | Excavation squad dispatched 3146 | -9/Mines | Excavation squad dispatched 3238 | -9/Mines | Received a Rocket Launcher from a helpful Derelict 3338 | -9/Mines | Deemed a non-threat by the Exiles lab entrance 3340 | -9/Mines | Discovered new exit (range 5) 3344 | -9/Mines | Entered Exiles 3362 | -9/Exiles | Discovered new exit (range 15) 3377 | -9/Exiles | Met 8R-AWN 3395 | -9/Exiles | Met EX-HEX 3426 | -9/Exiles | Met EX-BIN 3443 | -9/Exiles | Aligned with FarCom system 3444 | -9/Exiles | Given EX-Vault access code 3472 | -9/Exiles | Opened EX-Vault 3482 | -9/Exiles | Found Flying Fortress v7 3515 | -9/Exiles | Warned to stay clear of 0b10 Research branches 3560 | -9/Exiles | Met EX-DEC 3567 | -9/Exiles | Learned location of Zion (-6) 3620 | -9/Exiles | Discovered new exit (range 14) 3641 | -9/Exiles | Left Exiles lab with Flying Fortress v7 3641 | -9/Exiles | Entered Mines 3934 | -8/Mines | Build established: Skirmisher 4004 | -8/Mines | Discovered new exit (range 14) 4022 | -8/Mines | Entered Materials 4022 | -8/Materials | Evolved 2 slots: Propulsion x1, Utility x1 4076 | -8/Materials | Identified exit to Garrison 4076 | -8/Materials | Entered Garrison 4136 | -8/Garrison | Triggered checkpoint 4228 | -8/Garrison | Triggered checkpoint 4234 | -8/Garrison | Triggered checkpoint 4303 | -8/Garrison | Lost 3 parts (2u1w) 4433 | -8/Garrison | Discovered new exit (range 8) 4506 | -8/Garrison | Triggered checkpoint 4545 | -8/Garrison | Installed Relay Interface Framework 4630 | -8/Garrison | Expanded RIF knowledge: Threat Obfuscation 4737 | -8/Garrison | Triggered checkpoint 4869 | -8/Garrison | Entered Materials 5007 | -8/Materials | Build established: Scavenger-Tank 5369 | -8/Materials | Core integrity fell below 50% 5375 | -8/Materials | Core integrity fell below 20% 5377 | -8/Materials | Destroyed by Y-45 Defender with Heavy Assault Rifle Last Messages --------------- 05362_ Imp. Treads destroyed. 05362_ Hrd. Medium Armor Plating destroyed. 05364_ K-01 Serf collects debris. 05364_ Lgt. Assault Rifle destroyed. 05364_ Penetrated by Slug. 05364_ Hvy. Assault Rifle destroyed. 05365_ R-06 Scavenger collects Lgt. Nuclear Core. 05365_ L-31 Rogue destroyed. 05368_ Shield Generator destroyed. 05368_ M-28 Smith repairs H-61 Shepherd. 05369_ K-01 Serf collects debris. 05369_ R-06 Scavenger collects Imp. Heat Sink. 05369_ Dropped Huge Storage Unit. 05370_ Acquired 40 matter. 05371_ Imp. Treads destroyed. 05372_ K-01 Serf collects debris. 05372_ K-01 Serf suffers critical hit (Blast). 05372_ K-01 Serf knocked back. 05374_ K-01 Serf destroyed. 05375_ Knocked back. Map ----- +----------------------------------------------------+ | ?????????????????????????????????????????????????? | | ?????????????????????????????????????????????????? | | ?????????????????????????????????????????????????? | | ?????????????????????????????????????????????????? | | ?????????????????????????????????????????????????? | | ?????????????????????????????????????????????????? | | ?????????????????????????????????????????????????? | | ?????????????????????????????????????????????????? | | ?????????????????????????????????????????????????? | | ????????????????????Y????????????????+#??????????? | | ????????????????????????????????????? #??????????? | | ????????????????????????????????????# #??????????? | | ????????????????????????????????????# #??????????? | | ?????????????????????????????#?????## ##?????????? | | ???????????????????????????? #?????# #?????????? | | ?????????????????????????""" #?????# #??????? ?? | | ?????????????????????????""" ?????? #?????? ? | | ?????????????????????????"" ???????# #????? ? | | ????????????????????????? ???????# #???? ? | | ????????????????????????? ????????# #??? | | ?????????????#????????###+###?????## ### ??? | | ???????####### ####### ####### ???? | | ???? !=%! mg #????????? | | ???? %%!%Y]=*#????????? | | ???????????##+######### !gHg!!!#????????? | | ??????????????????????# @ #######=%=%!#????????? | | ????????????????????#####/#####???##/%[##????????? | | ????????????????????# """ #????#%!%#?????????? | | ????????????????????# """ "T" #????#%%!#?????????? | | ????????????????????# """ #????#!!*"#????????? | | ????????????????????# """ #????#]! # #???????? | | ????????????????????# =#????# ###???????? | | ????????????????????# ! #????# #?????????? | | ????????????????????# o ] #????#####?????????? | | ????????????????????# #??????????????????? | | ????????????????????###########??????????????????? | | ?????????????????????????????????????????????????? | | ?????????????????????????????????????????????????? | | ?????????????????????????????????????????????????? | | | | | | | | | | | | | | | | | | | | | | | +----------------------------------------------------+ Best States ------------- Heat Dissipation 31 Energy Generation 12 Energy Capacity 265 Matter Stores 300 Matter Capacity 300 Sight Range 16 Terrain Scan Density 10 Armor Coverage 225 Evasion (%) 55 Targeting Accuracy 5 Recoil Reduction 5 Item Schematics ----------------- None Robot Schematics ------------------ None Fabricated ------------ Nothing Alien Tech Used ----------------- None Achievements -------------- None Challenges ------------ None Game ------ Seed BattlePortableCycler Manual? 0 Play Time 00:34:39 Cumulative 73.6 hours Start 2022.07.10 @ 10:27:15 End 2022.07.10 @ 11:00:22 Sessions 1 Manual Loads 0 Difficulty Rogue Special Mode None Game No. 111 Rogue 111 Adventurer 0 Explorer 0 Win Type - Total 1 Types 1/0/0/0/0/0/0/0/0 Lore% 40 Gallery% 43 Achievement% 36 Wizard Run 0 Options --------- ASCII 0 Keyboard 1 Movement Vi Keybinds 1 Fullscreen 1 Font 24/Smallcaps Map View 76x50 Tactical HUD 1 Map Filters NONE Filters NONE Steam 1 RUN: 056ecfc1-53dc-4895-a6c0-7b7b11612644